 Dungeon Crawl Stone Soup version 0.29-a0-723-gce39da1c22 (webtiles) character file.

Game seed: 16343890167235289016

518 crusatyr the Chopper (level 7, -5/57 HPs)
             Began as a Hill Orc Fighter on June 28, 2022.
             Was an Initiate of Nemelex Xobeh.
             Slain by an ogre
             ... wielding a +0 giant club
              (16 damage)
             ... on level 4 of the Dungeon.
             The game lasted 00:06:46 (4174 turns).

crusatyr the Chopper (Hill Orc Fighter)             Turns: 4174, Time: 00:06:47

Health: -5/57      AC: 12    Str: 19    XL:     7   Next: 21%
Magic:  8/8        EV:  7    Int:  8    God:    Nemelex Xobeh [......]
Gold:   229        SH:  5    Dex: 12    Spells: 6/6 levels left

rFire   . . .      SeeInvis .   a - +0 war axe
rCold   . . .      Faith    .   c - +0 buckler
rNeg    . . .      Spirit   .   o - +0 chain mail
rPois   .          Reflect  .   (no helmet)
rElec   .          Harm     .   (no cloak)
rCorr   .          Rampage  .   q - +0 pair of gloves
Will    .....                   f - +0 pair of boots
Stlth   ..........              (no amulet)
HPRegen 0.19/turn               (no ring)
MPRegen 0.11/turn               (no ring)

@: no status effects
A: no striking features
a: Renounce Religion, Draw Escape, Draw Destruction, Draw Summoning


You were on level 4 of the Dungeon.
You worshipped Nemelex Xobeh.
Nemelex Xobeh was noncommittal.
You visited 2 branches of the dungeon, and saw 5 of its levels.

You collected 229 gold pieces.

Inventory:

Hand Weapons
 a - a +0 war axe (weapon)
 v - a +0 flail
Missiles
 u - 2 throwing nets (quivered)
Armour
 c - a +0 buckler (worn)
 f - a +0 pair of boots (worn)
 o - a +0 chain mail (worn)
 q - a +0 pair of gloves (worn)
Jewellery
 n - an amulet of magic regeneration
Scrolls
 h - a scroll of enchant armour {unknown}
 i - a scroll of noise {unknown}
 k - a scroll of amnesia {unknown}
 l - a scroll of immolation {unknown}
 m - a scroll of summoning {unknown}
 p - 2 scrolls of identify {unknown}
 s - a scroll of teleportation {unknown}
 t - 3 scrolls of fog {unknown}
Potions
 b - 2 potions of mutation {unknown}
 e - a potion of resistance {unknown}
 j - a potion of lignification {unknown}
 r - a potion of berserk rage {unknown}


   Skills:
 - Level 3.6 Fighting
 * Level 7.1 Axes
 + Level 5.0 Armour
 + Level 5.1 Shields
 + Level 2.1 Invocations


You had 6 spell levels left.
You didn't know any spells.
Your spell library contained the following spells:

 Spells                   Type           Power      Damage    Failure   Level
 Foxfire                  Conj/Fire      0%         2x1d4     99%         1
 Conjure Flame            Conj/Fire      0%         6-21      100%        3
 Inner Flame              Hex/Fire       0%         N/A       100%        3
 Flame Wave               Conj/Fire      0%         2d4       100%        4


Dungeon Overview and Level Annotations

Branches:
Dungeon (4/15)             Temple (1/1) D:4

Altars:
Hepliaklqana
Kikubaaqudgha
Makhleb
Nemelex Xobeh
Okawaru
Uskayaw
Yredelemnul

Shops:
D:2 (   D:4 [


Message History

The kobold barely misses you.
The goblin unwields a +0 sling.
The goblin wields a +0 dagger.
The goblin hits you with a +0 dagger.
You barely miss the kobold. You hit the goblin.
You kill the goblin!
The kobold hits you but does no damage.
You hit the kobold.
You kill the kobold!
Things that are here:
a +0 dagger; 5 stones
Things that are here:
a +0 dagger; 5 stones
There is an entrance to Zokhlodgh's Armour Shop here.
b - 2 pink potions HP restored.
Things that are here:
a +0 dagger; a +0 sling; a goblin corpse
There is a fountain of clear blue water here.
Things that are here:
a +0 dagger; a +0 sling The ogre shouts!
There is a stone staircase leading up here.
Okay, then.
The ogre hits you with a +0 giant club!
A dart slug comes into view.
You hit the ogre.
The ogre is lightly wounded.
The ogre hits you with a +0 giant club.
You barely miss the ogre.
The ogre is lightly wounded.
The ogre hits you with a +0 giant club!!
* * * LOW HITPOINT WARNING * * *
You are too injured to fight recklessly!
You are too injured to fight recklessly!
You slash the ogre!
The ogre is heavily wounded.
You slash the ogre!
The ogre is almost dead.
The ogre hits you with a +0 giant club!
You die...
Your body disappears without a glow.

.......#...#.).♣.♣ ###
..###.#..........#...#
⌠.#..........♣.♣.♣.♣.##.
.^#...................[.
.............♣.♣.♣.♣....
.......................♣
##.......).....♣.♣......
#####.................♣
#..........@O...w<.
#.......<..>......!
##...............##
##........<...###
####.........#
#........[# ###########


You could see an ogre and a dart slug.

Vanquished Creatures
  Grinder (D:3)
  A bullfrog (D:4)
  2 orc priests (D:3)
  Terence (D:2)
  2 iguanas (D:4)
  3 gnolls (D:3)
  2 adders (D:4)
  4 worms
  6 dart slugs
  An orc (D:3)
  6 endoplasms
  3 goblins
  A hobgoblin (Temple)
  4 jackals (D:2)
  6 kobolds
  A quokka (D:3)
  6 ball pythons
  3 bats
  9 frilled lizards
  4 rats
66 creatures vanquished.

Notes
Turn   | Place    | Note
-------+----------+-------------------------------------------
     0 | D:1      | crusatyr the Hill Orc Fighter began the quest for the Orb.
     0 | D:1      | Reached XP level 1. HP: 19/19 MP: 1/1
   108 | D:1      | Reached skill level 3 in Axes
   188 | D:1      | Reached XP level 2. HP: 25/26 MP: 2/2
   934 | D:2      | Reached XP level 3. HP: 29/31 MP: 3/3
  1025 | D:2      | Found Zapsoosm's Antique Weapon Shop.
  1094 | D:2      | Noticed Terence
  1166 | D:2      | Reached skill level 4 in Axes
  1385 | D:2      | Found a faded altar of an unknown god.
  1633 | D:2      | Killed Terence
  1634 | D:2      | Reached XP level 4. HP: 23/39 MP: 4/4
  2381 | D:3      | Reached skill level 5 in Axes
  2385 | D:3      | Reached XP level 5. HP: 28/45 MP: 5/5
  2510 | D:3      | Noticed Grinder
  2515 | D:3      | Paralysed by Grinder for 2 turns
  2523 | D:3      | Paralysed by Grinder for 4 turns
  3061 | D:4      | Reached skill level 6 in Axes
  3061 | D:4      | Reached XP level 6. HP: 48/51 MP: 6/6
  3169 | D:4      | Found a staircase to the Ecumenical Temple.
  3177 | Temple   | Entered the Ecumenical Temple
  3401 | Temple   | Became a worshipper of Nemelex Xobeh the Trickster
  3755 | D:3      | Paralysed by Grinder for 3 turns
  3781 | D:3      | Paralysed by Grinder for 3 turns
  3786 | D:3      | Killed Grinder
  3787 | D:3      | Reached skill level 7 in Axes
  3787 | D:3      | Reached skill level 5 in Armour
  3787 | D:3      | Reached skill level 5 in Shields
  3787 | D:3      | Reached XP level 7. HP: 41/57 MP: 6/8
  4108 | D:4      | Found Zokhlodgh's Armour Shop.
  4174 | D:4      | Slain by an ogre

Illustrated notes

Levels and vault maps discovered:
D:1:      scummos_arrival_simple_crosswalls, layout_loops_ring,
          minmay_lizard_pond
D:2:      layout_basic, shapermc_ecumenical_altar_notcrosses, serial_shops,
          shop, st_stairs_9, uniq_terence
D:3:      layout_loops_corners, wad_floor_pattern_2, grunt_decor_clamped,
          uniq_grinder
D:4:      layout_rooms, jmf_multi_god_temple, minmay_temple_entry_junction_2,
          serial_shops, shop, shop, serial_forest,
          infiniplex_forest_lined_corner, infiniplex_forest_straight_4,
          infiniplex_forest_end_3, infiniplex_forest_end_1,
          infiniplex_forest_corner_2, infiniplex_forest_side_room,
          infiniplex_forest_straight_3, infiniplex_forest_lined_4_way,
          uniq_robin
Temple:   dpeg_five_rooms_temple

Skill      XL: |  1  2  3  4  5  6 |
---------------+-------------------+-----
Axes           | 3 4 5 6 7 |  7.1
Shields        | 4 5 |  5.1
Armour         | 4 5 |  5.0
Invocations    | 2 |  2.1
Fighting       | |  3.6

Action                   |  1- 3 |  4- 6 |  7- 9 || total
-------------------------+-------+-------+-------++-------
Melee: War axe           |    91 |    92 |    18 ||   201
Throw: Throwing net      |     1 |     2 |       ||     3
  Use: Scroll            |       |     2 |       ||     2
       Potion            |       |     1 |       ||     1
Armor: Scale mail        |    25 |       |       ||    25
       Chain mail        |    37 |    49 |     7 ||    93
Dodge: Dodged            |    29 |    30 |     6 ||    65
Block: Buckler           |    14 |    26 |     2 ||    42

Table legend: (Time is in decaauts)
 A = Elapsed time spent in this place.
 B = Non-inter-level travel time spent in this place.
 C = Inter-level travel time spent in this place.
 D = Time resting spent in this place.
 E = Time spent auto-exploring this place.
 F = Levels seen in this place.
 G = Mean time per level.
                   A        B        C        D        E       F      G
               +--------+--------+--------+--------+--------+-----+--------+
         Total |   4238 |   4042 |    196 |    252 |   2778 |   5 |  847.6 |
       Dungeon |   3978 |   3816 |    162 |    252 |   2595 |   4 |  994.5 |
        Temple |    259 |    225 |     34 |      0 |    183 |   1 |  259.0 |
               +--------+--------+--------+--------+--------+-----+--------+

Top non-repeatable levels by time:
     D:3: 1682 daAuts
     D:2: 1198 daAuts
     D:1: 818 daAuts
     D:4: 278 daAuts
  Temple: 259 daAuts
